 Dungeon Crawl Stone Soup version 0.27.1-33-g824d729ab1 (webtiles) character file.

Game seed: 2799752685932467416

1495 SensoryNuts the Ruffian (level 8, -1/78 HPs)
             Began as a Troll Monk on Dec 6, 2021.
             Was an Initiate of Gozag.
             Slain by a scorpion zombie (4 damage)
             ... on level 5 of the Dungeon.
             The game lasted 00:10:24 (3733 turns).

SensoryNuts the Ruffian (Troll Monk)                Turns: 3733, Time: 00:10:25

Health: -1/78      AC:  5    Str: 24    XL:     8   Next: 51%
Magic:  7/7        EV: 11    Int:  6    God:    Gozag
Gold:   446        SH:  0    Dex: 12    Spells: 7/7 levels left

rFire    + . .     SeeInvis .   c - +1 giant club
rCold    . . .     Faith    +   (shield currently unavailable)
rNeg     . . .     Spirit   .   a - +1 robe
rPois    .         Reflect  .   (helmet restricted)
rElec    .         Harm     .   (no cloak)
rCorr    .         Rampage  .   (gloves unavailable)
Will     +....                  (boots unavailable)
Stlth    ++........             f - amulet of faith
HPRegen  1.23/turn              s - ring of protection from fire
MPRegen  0.10/turn              q - ring of flight

@: flying
A: large, unfitting armour, claws 3, regeneration 1, shaggy fur 1, tough skin 1,
strong-willed 1, strong 1
a: Renounce Religion, Potion Petition, Call Merchant, Bribe Branch


You were on level 5 of the Dungeon.
You worshipped Gozag.
Gozag was aware of your devotion.
You visited 1 branch of the dungeon, and saw 5 of its levels.

You collected 487 gold pieces.
You paid 41 gold pieces to Gozag.

Inventory:

Hand Weapons
 c - a +1 giant club (weapon)
 h - a +0 giant club
 i - a +0 vorpal long sword
 l - a +1 whip of flaming
 m - a +0 scythe
Armour
 a - a +1 robe (worn)
 k - a +0 scale mail
 n - a +0 robe
 u - a +3 leather armour
Magical Staves
 o - a staff of conjuration
Jewellery
 e - an amulet of the acrobat
 f - an amulet of faith (around neck)
 q - a ring of flight (right claw)
 r - an amulet of reflection
 s - a ring of protection from fire (left claw)
 t - an amulet of magic regeneration
Wands
 p - a wand of acid (7)
Scrolls
 b - 2 scrolls of identify
 d - 2 scrolls of vulnerability
 j - a scroll of amnesia
Potions
 g - a potion of lignification


   Skills:
 + Level 4.1 Fighting
 + Level 3.5 Long Blades
 + Level 0.2 Maces & Flails
 + Level 3.4 Polearms
 + Level 5.0 Dodging
 + Level 1.8 Stealth
 + Level 5.3 Unarmed Combat


You had 7 spell levels left.
You didn't know any spells.
Your spell library contained the following spells:

 Spells                   Type           Power      Damage    Failure   Level
 Summon Small Mammal      Summ           0%         N/A       45%         1
 Passwall                 Tmut/Erth      0%         N/A       58%         2
 Call Canine Familiar     Summ           0%         N/A       83%         3
 Summon Guardian Golem    Hex/Summ       0%         N/A       83%         3
 Swiftness                Air            0%         N/A       83%         3
 Animate Dead             Necr           0%         N/A       99%         4
 Invisibility             Hex            0%         N/A       100%        6
 Haunt                    Necr/Summ      0%         N/A       100%        7
 Infestation              Necr           0%         N/A       100%        8


Dungeon Overview and Level Annotations

Branches:
Dungeon (5/15)
 Temple: D:4-7

Altars:
Gozag
Qazlal
Uskayaw
Vehumet
Yredelemnul


Innate Abilities, Weirdness & Mutations

You are too large for most types of armour.
You have claws for hands.
Your natural rate of healing is unusually fast.
You are covered in fur. (AC +1)
You have tough skin. (AC +1)
You are strong-willed. (Will+)
Your muscles are strong. (Str +2)


Message History

The orc priest closely misses you.
The orc priest calls down the wrath of Beogh upon you.
Pain shoots through your body! The orc priest barely misses you.
Okay, then.
You closely miss the orc priest. The scorpion zombie hits you.
The orc priest barely misses you.
The orc priest hits you but does no damage.
The orc priest misses you. The scorpion zombie closely misses you.
The orc priest hits you from afar with a +0 trident.
You sock the orc priest!
You kill the orc priest!
The orc priest barely misses you. The scorpion zombie misses you.
The orc priest hits you but does no damage.
The orc priest calls down the wrath of Beogh upon you.
You resist with some effort.
Your Dodging skill increases to level 5!
The scorpion zombie barely misses you.
The orc priest hits you with a +0 trident!
* * * LOW HITPOINT WARNING * * *
Things that are here:
8 gold pieces; a +0 short sword; a +0 hand axe You sock the orc priest!
The orc priest is almost dead.
The scorpion zombie hits you.
* * * LOW HITPOINT WARNING * * *
The orc priest hits you with a +0 trident.
* * * LOW HITPOINT WARNING * * *
The scorpion zombie hits you but does no damage.
The orc priest closely misses you.
The orc priest invokes the aid of Beogh against you.
Pain shoots through your body!
* * * LOW HITPOINT WARNING * * *
As you read the scroll labelled SUUPSI KOE, it crumbles to dust.
It is a scroll of enchant weapon.
Your +0 giant club glows red for a moment.
The orc priest hits you with a +0 club.
* * * LOW HITPOINT WARNING * * *
The scorpion zombie hits you.
You die...
Your body crumbles into a pile of gold.

#...........
#...........
#.......... ###
#......... ...#
#.......# # ...#
#....!..###. #..
#...o...#...##.#
#...@Z.........#
####o####.###..######
##....#..<..>......
#.?...###.#...#####
#.........#...##
#....#..##.....#
#..............#
####.####......# #.)
#....).####


You could see 2 orc priests and a scorpion zombie.

Vanquished Creatures
  Sigmund (D:2)
  The ghost of Foxfire the Ruffian, an amateur TrFi (D:3)
  An orc warrior (D:4)
  2 black bears
  2 ogres (D:5)
  A centaur (D:5)
  2 scorpions
  A howler monkey (D:5)
  A gnoll shaman (D:5)
  3 orc priests
  A centaur skeleton (D:5)
  Ijyb (D:3)
  5 orc wizards
  5 gnolls (D:5)
  6 adders
  A shadow imp (D:5)
  An adder skeleton (D:4)
  A worm (D:4)
  2 dart slugs
  12 orcs
  7 bats
  5 endoplasms
  4 giant cockroaches
  6 goblins
  12 hobgoblins
  4 jackals (D:4)
  4 kobolds
  7 quokkas
  6 ball pythons
  4 frilled lizards
  5 rats
114 creatures vanquished.

Notes
Turn   | Place    | Note
-------+----------+-------------------------------------------
     0 | D:1      | SensoryNuts the Troll Monk began the quest for the Orb.
     0 | D:1      | Reached XP level 1. HP: 22/22 MP: 0/0
   177 | D:1      | Reached XP level 2. HP: 29/29 MP: 1/1
   661 | D:2      | Reached XP level 3. HP: 31/36 MP: 2/2
   692 | D:2      | Found a faded altar of an unknown god.
   704 | D:2      | Became a worshipper of Vehumet
   704 | D:2      | Reached * piety under Vehumet
   704 | D:2      | Offered knowledge of Sandblast by Vehumet.
   704 | D:2      | Reached ** piety under Vehumet
   793 | D:2      | Reached *** piety under Vehumet
   856 | D:2      | Offered knowledge of Poisonous Vapours by Vehumet.
   995 | D:2      | Offered knowledge of Stone Arrow by Vehumet.
  1135 | D:2      | Noticed Sigmund
  1150 | D:2      | Killed Sigmund
  1151 | D:2      | Reached skill level 5 in Unarmed Combat
  1151 | D:2      | Reached XP level 4. HP: 29/45 MP: 3/3
  1151 | D:2      | Reached XP level 5. HP: 34/53 MP: 4/4
  1280 | D:3      | Offered knowledge of Airstrike by Vehumet.
  1345 | D:3      | Reached XP level 6. HP: 35/61 MP: 5/5
  1457 | D:3      | Noticed Ijyb
  1477 | D:3      | Killed Ijyb
  1548 | D:3      | Found a runed translucent gate.
  1548 | D:3      | Found a runed translucent gate.
  1548 | D:3      | Found a runed translucent gate.
  1550 | D:3      | Found an opulent altar of Gozag.
  1565 | D:3      | Noticed Foxfire's ghost (amateur TrFi)
  1603 | D:3      | Reached **** piety under Vehumet
  1667 | D:3      | Reached skill level 1 in Polearms
  1858 | D:3      | Gained mutation: You evolve. [potion of mutation]
  1858 | D:3      | Gained mutation: You have an increased reservoir of magic.
                  | (+10% MP) [potion of mutation]
  1858 | D:3      | Lost mutation: You have an increased reservoir of magic.
                  | (+10% MP) [potion of mutation]
  1858 | D:3      | Gained mutation: Your flesh is cold resistant. (rC+)
                  | [potion of mutation]
  1862 | D:3      | Lost mutation: Your flesh is cold resistant. (rC+) [potion
                  | of mutation]
  1862 | D:3      | Gained mutation: Your muscles are strong. (Str +2) [potion
                  | of mutation]
  1867 | D:3      | Gained mutation: You are strong-willed. (Will+) [evolution]
  1867 | D:3      | Lost mutation: You evolve. [end of evolution]
  1893 | D:3      | Killed Foxfire's ghost
  1932 | D:3      | Fell from the grace of Vehumet
  1932 | D:3      | Became a worshipper of Gozag Ym Sagoz the Greedy
  2177 | D:4      | Found a hide-covered altar of Uskayaw.
  2220 | D:4      | Reached XP level 7. HP: 58/67 MP: 6/6
  2324 | D:4      | Found a basalt altar of Yredelemnul.
  2949 | D:5      | Entered Level 5 of the Dungeon
  3000 | D:5      | Found a stormy altar of Qazlal.
  3162 | D:5      | Reached skill level 1 in Long Blades
  3172 | D:5      | Reached XP level 8. HP: 40/78 MP: 7/7
  3731 | D:5      | Reached skill level 5 in Dodging
  3733 | D:5      | HP: 3/78 [orc priest (2)]
  3733 | D:5      | Slain by a scorpion zombie

Illustrated notes

Levels and vault maps discovered:
D:1:      matt_arrival_los_fun, layout_rooms, kennysheep_flooded_box,
          minivault_4
D:2:      layout_loops_ring, ebering_ecumenical_altar_webs,
          kennysheep_generic_room_12, uniq_sigmund
D:3:      layout_basic, ebering_ghost_gozag, uniq_ijyb
D:4:      layout_loops_ring, mainiacjoe_overflow_alcove_2,
          kennysheep_little_box, chequers_serial_rivers_micro_d
D:5:      layout_basic, grunt_qazlal_sundering

Skill      XL: |  1  2  3  4  5  6  7  8 |
---------------+-------------------------+-----
Dodging        | 3 4 5 |  5.0
Fighting       | 3 4 |  4.1
Unarmed Combat | 5 |  5.3
Polearms       | 2 3 |  3.4
Long Blades    | 1 3 |  3.5
Maces & Flails | |  0.2
Stealth        | |  1.8

Action                   |  1- 3 |  4- 6 |  7- 9 || total
-------------------------+-------+-------+-------++-------
Melee: Unarmed           |    96 |       |       ||    96
       Scythe            |       |   149 |    36 ||   185
       Long sword        |       |       |    81 ||    81
       Giant club        |       |       |    27 ||    27
  Use: Scroll            |       |     5 |     4 ||     9
       Potion            |       |     8 |     2 ||    10
 Stab: Sleeping          |     1 |       |       ||     1
       Invisible         |       |     1 |       ||     1
Armor: Robe              |    30 |    95 |    82 ||   207
       Skin              |       |       |    11 ||    11
Dodge: Dodged            |    39 |   177 |   140 ||   356
       Rpst.: Long sword |       |       |    17 ||    17
